 Dungeon Crawl Stone Soup version 0.24-a0-217-g1152973 (webtiles) character file.

Game seed: 12487501115393690964

15513 GEC the Cleaver (level 12, -8/95 HPs)
             Began as a Demonspawn Fighter on Mar 29, 2019.
             Was an Elder of Uskayaw.
             Mangled by a large slime creature (35 damage)
             ... on level 12 of the Dungeon.
             The game lasted 00:38:43 (13154 turns).

GEC the Cleaver (Demonspawn Fighter)               Turns: 13154, Time: 00:38:44

Health: -8/95      AC:  8    Str: 27    XL:     12   Next: 1%
Magic:  26/26      EV:  8    Int: 10    God:    Uskayaw [****..]
Gold:   573        SH: 12    Dex: 14    Spells: 11/11 levels left

rFire    . . .     SeeInvis .   g - +2 war axe (flame)
rCold    . . .     Gourm    .   c - +0 shield
rNeg     . . .     Faith    .   m - +1 scale mail of Trumpets {-Cast Str+5}
rPois    .         Spirit   .   w - +0 helmet
rElec    .         Reflect  .   (no cloak)
rCorr    .         Harm     .   (no gloves)
MR       .....     NoCast   +   (no boots)
Stlth    +.........             (no amulet)
HPRegen  0.25/turn              p - +2 ring of dexterity
MPRegen  0.20/turn              O - ring of magical power

@: lethally poisoned (-8 -> -9), corroded
A: claws 2, molten scales 1, nightstalker 1, spiny 1
a: Stomp, Line Pass, Renounce Religion


You were on level 12 of the Dungeon.
You worshipped Uskayaw.
Uskayaw was noncommittal.
You were not hungry.

You visited 2 branches of the dungeon, and saw 13 of its levels.
You also visited: Ossuary.

You collected 573 gold pieces.

Inventory:

Hand Weapons
 g - a +2 war axe of flaming (weapon)
Missiles
 I - a throwing net (quivered)
Armour
 c - a +0 shield (worn)
 m - the +1 scale mail of Trumpets (worn) {-Cast Str+5}
   (You found it on level 4 of the Dungeon)

   It affects your strength (+5).
   It prevents spellcasting.
 u - +0 shadow dragon scales
 w - a +0 helmet (worn)
Magical Staves
 G - an uncursed staff of energy
Jewellery
 p - a +2 ring of dexterity (left claw)
 O - a ring of magical power (right claw)
Wands
 s - a wand of acid (4)
 x - a wand of iceblast (4)
 y - a wand of paralysis (16)
 C - a wand of polymorph (5)
 E - a wand of random effects (4)
 F - a wand of disintegration (11)
 K - a wand of scattershot (6)
Scrolls
 a - 2 scrolls of enchant armour {unknown}
 b - a scroll of enchant weapon
 d - a scroll of fear {unknown}
 h - 10 scrolls of teleportation
 k - 3 scrolls of fog
 l - 6 scrolls of remove curse
 n - 3 scrolls of magic mapping {unknown}
 q - 4 scrolls of amnesia
 v - 2 scrolls of blinking {unknown}
 A - a scroll of brand weapon {unknown}
 H - a scroll of immolation {unknown}
 M - a scroll of acquirement {unknown}
Potions
 e - 2 potions of agility
 i - a potion of brilliance
 j - 3 potions of haste
 o - 6 potions of heal wounds
 r - 8 potions of curing
 t - a potion of invisibility
 z - 2 potions of ambrosia
 B - 2 potions of lignification
 D - a potion of cancellation {unknown}
 J - a potion of might
 N - a potion of flight {unknown}
Comestibles
 f - 26 rations
 L - a chunk of flesh


   Skills:
 + Level 9.1 Fighting
 * Level 11.0 Axes
 + Level 8.3 Armour
 + Level 8.3 Shields
 * Level 7.2 Invocations


You had 11 spell levels left.
You didn't know any spells.
Your spell library contained the following spells:

 Spells                   Type           Power        Failure   Level  Hunger
 Animate Skeleton         Necr           N/A          87%         1    ##.....
 Apportation              Tloc           #.....       87%         1    ##.....
 Beastly Appendage        Tmut           #.....       87%         1    ##.....
 Confusing Touch          Hex            #.....       87%         1    ##.....
 Sandblast                Erth           #.....       87%         1    ##.....
 Summon Small Mammal      Summ           #...         87%         1    ##.....
 Passwall                 Tmut/Erth      #.......     95%         2    ###....
 Sticks to Snakes         Tmut           #.......     95%         2    ###....
 Spider Form              Tmut/Pois      #.........   99%         3    ####...
 Stone Arrow              Conj/Erth      #.....       99%         3    ####...
 Ice Form                 Ice/Tmut       #.......     100%        4    #####..
 Petrify                  Tmut/Erth      #.......     100%        4    #####..
 Blade Hands              Tmut           #.........   100%        5    ######.
 Lee's Rapid Deconstruct  Erth           #.........   100%        5    ######.


Dungeon Overview and Level Annotations

Branches:
Dungeon (12/15)            Temple (1/1) D:7            Lair (0/6) D:9
    Orc (0/2) D:10

Altars:
Ashenzari
Cheibriados
Dithmenos
Elyvilon
Fedhas
Gozag
Hepliaklqana
Kikubaaqudgha
Makhleb
Nemelex Xobeh
Okawaru
Qazlal
Ru
Sif Muna
Trog
Uskayaw
Vehumet
Wu Jian
Xom
Yredelemnul
Zin
The Shining One
Beogh

Shops:
D:11 [

Annotations:
D:6 3 runed translucent doors, Gunnerkreig's ghost, novice OpWz
D:7 1 runed translucent door
D:8 exclusion: 4 doors


Innate Abilities, Weirdness & Mutations

You have very sharp fingernails.
You are partially covered in molten scales. (AC +2)
You are slightly more attuned to the shadows.
You are partially covered in sharp spines.


Message History

You slash the kobold! You burn the kobold.
You kill the kobold!
You hit the slime creature but do no damage.
Your shield and scale mail of Trumpets prevent you from hitting the slime creature.
You slash the large slime creature!
You kill the white imp!
You burn the large slime creature.
You feel sick. The slime creature hits you! The large slime creature hits you!!
You slash the large slime creature! You burn the large slime creature.
The large slime creature is almost dead.
You slash the rust devil!
You kill the quasit!
You closely miss the big kobold.
Your shield prevents you from hitting the slime creature.
You hit the slime creature. You burn the slime creature.
The slime creature hits you. The rust devil hits you!
The rust devil corrodes you! The slime creature hits you!
* * * LOW HITPOINT WARNING * * *
The large slime creature hits you!!
You die...

####
.....##########
....5.K.......#
...%.K4@J(((..#
..
.....KJJ......#
...
####...####...#
... #...
#...###'####
#....
#..........#
#....
#..........#
#....
#..........#
#....
#..........#
#..........#


You could see a large slime creature, 2 slime creatures, a rust devil, a kobold
demonologist, a big kobold, an iron imp and a kobold.

Vanquished Creatures
  Erolcha (D:9)
  A hydra (D:12)
  A two-headed ogre (D:11)
  An ugly thing (D:12)
  A cyclops (D:11)
  2 trolls
  Prince Ribbit (D:6)
  4 hippogriffs
  21 yaks
  Sigmund (D:4)
  3 wyverns
  A spriggan (D:10)
  2 vampires
  Grum (D:10)
  3 hungry ghosts
  Menkaure (D:4)
  Edmund (D:6)
  Duvessa (D:6)
  8 orc warriors
  3 sky beasts
  2 black bears
  An eye of draining (D:11)
  A necrophage (D:12)
  6 ogres
  3 centaurs
  3 wolves (D:10)
  A crocodile (D:10)
  A big kobold (D:11)
  5 bullfrogs
  A gnoll sergeant (D:10)
  Dowan (D:6)
  3 scorpions
  5 howler monkeys
  7 wights
  7 crimson imps
  5 centaur zombies
  3 jellies
  2 hounds
  2 quasits
  2 bullfrog zombies
  2 centaur skeletons
  9 orc priests
  3 bullfrog skeletons
  Jessica (D:3)
  4 iguanas
  8 orc wizards
  8 worker ants
  An ogre zombie (Ossuary)
  3 hound skeletons
  7 mummies (Ossuary)
  Robin (D:3)
  8 gnolls
  14 adders
  5 shadow imps
  An ooze (D:1)
  An adder skeleton (D:9)
  9 adder zombies
  3 worms
  2 dart slugs
  4 leopard geckos
  61 orcs
  6 ball pythons
  6 giant cockroaches
  2 gnoll zombies (Ossuary)
  10 goblins
  9 hobgoblins
  10 jackals
  17 kobolds
  3 quokkas
  6 bats
  4 frilled lizards
  5 goblin zombies (Ossuary)
  4 hobgoblin zombies (Ossuary)
  A jackal skeleton (D:6)
  2 kobold zombies (Ossuary)
  A leopard gecko skeleton (D:8)
  A quokka zombie (Ossuary)
  7 rats
  5 rat zombies (Ossuary)
373 creatures vanquished.

Vanquished Creatures (collateral kills)
  An orc priest (D:10)
  3 orcs (D:10)
4 creatures vanquished.

Vanquished Creatures (others)
  A human (D:10)
  A necrophage (D:10)
2 creatures vanquished.

Grand Total: 379 creatures vanquished

Notes
Turn   | Place    | Note
-------+----------+-------------------------------------------
     0 | D:1      | GEC the Demonspawn Fighter began the quest for the Orb.
     0 | D:1      | Reached XP level 1. HP: 18/18 MP: 1/1
   137 | D:1      | Gained mutation: You have sharp fingernails. [demonic
                  | ancestry]
   137 | D:1      | Reached XP level 2. HP: 18/24 MP: 2/2
   275 | D:1      | Reached skill level 2 in Axes
   625 | D:2      | Gained mutation: You are partially covered in sharp spines.
                  | [demonic ancestry]
   625 | D:2      | Reached XP level 3. HP: 29/29 MP: 3/3
   849 | D:2      | Found a basalt altar of Yredelemnul.
  1422 | D:3      | Found a deep blue altar of Sif Muna.
  1495 | D:3      | Reached XP level 4. HP: 35/35 MP: 4/4
  1645 | D:3      | Noticed Jessica
  1666 | D:3      | Killed Jessica
  1932 | D:3      | Reached skill level 3 in Axes
  1932 | D:3      | Reached XP level 5. HP: 42/42 MP: 5/5
  2175 | D:3      | Noticed Robin
  2201 | D:3      | Killed Robin
  2598 | D:4      | Noticed an ogre
  2729 | D:4      | Noticed Sigmund
  2744 | D:4      | Killed Sigmund
  2744 | D:4      | Reached skill level 4 in Axes
  2744 | D:4      | Reached XP level 6. HP: 32/48 MP: 6/6
  3034 | D:4      | Reached XP level 7. HP: 48/55 MP: 7/7
  3096 | D:4      | Noticed Menkaure
  3101 | D:4      | Killed Menkaure
  3107 | D:4      | Reached skill level 5 in Axes
  3335 | D:4      | Got a pitted scale mail
  3346 | D:4      | Identified the +1 scale mail of Trumpets {-Cast Str+5} (You
                  | found it on level 4 of the Dungeon)
  3825 | D:5      | Entered Level 5 of the Dungeon
  3880 | D:5      | Reached skill level 5 in Fighting
  3906 | D:5      | Found a shattered altar of Ashenzari.
  3906 | D:5      | Found a stormy altar of Qazlal.
  3969 | D:5      | Reached XP level 8. HP: 62/62 MP: 8/8
  4133 | D:5      | Found an iron altar of Okawaru.
  4303 | D:5      | Found a glowing silver altar of Zin.
  4507 | D:6      | Noticed Duvessa
  4508 | D:6      | Noticed Dowan
  4515 | D:6      | Killed Duvessa
  4515 | D:6      | Reached skill level 6 in Axes
  4515 | D:6      | Reached skill level 5 in Armour
  4515 | D:6      | Reached skill level 5 in Shields
  4517 | D:6      | Killed Dowan
  4857 | D:6      | Noticed Edmund
  4891 | D:6      | Killed Edmund
  5145 | D:6      | Noticed Prince Ribbit
  5159 | D:6      | Killed Prince Ribbit
  5159 | D:6      | Reached skill level 7 in Axes
  5159 | D:6      | Gained mutation: You have very sharp fingernails. [demonic
                  | ancestry]
  5159 | D:6      | Reached XP level 9. HP: 40/69 MP: 9/9
  5620 | D:6      | Found a runed translucent gate.
  5621 | D:6      | Found a runed translucent gate.
  5622 | D:6      | Found a runed translucent gate.
  5625 | D:6      | Noticed Gunnerkreig's ghost (novice OpWz)
  5756 | D:7      | Found a staircase to the Ecumenical Temple.
  5832 | D:7      | Found a white marble altar of Elyvilon.
  5975 | D:7      | Found a sand-covered staircase.
  5980 | Ossuary  | Entered an ossuary
  6520 | Temple   | Entered the Ecumenical Temple
  6797 | D:7      | Found a sparkling altar of Nemelex Xobeh.
  6825 | D:7      | Found a runed translucent door.
  6827 | D:7      | Noticed a sixfirhy
  6928 | D:7      | Found a hazy altar of Hepliaklqana.
  6931 | D:7      | Found a hide-covered altar of Uskayaw.
  6935 | D:7      | Became a worshipper of Uskayaw the Reveler
  6939 | D:7      | Found an ornate altar of the Wu Jian Council.
  7278 | D:8      | Reached * piety under Uskayaw
  7523 | D:8      | Reached ** piety under Uskayaw
  7524 | D:8      | Reached skill level 8 in Axes
  7887 | D:8      | Reached *** piety under Uskayaw
  8181 | D:9      | Reached XP level 10. HP: 58/79 MP: 10/10
  8291 | D:9      | Noticed Erolcha
  8301 | D:9      | Killed Erolcha
  8518 | D:9      | Reached skill level 9 in Axes
  8678 | D:9      | Found a staircase to the Lair.
  8719 | D:9      | Reached **** piety under Uskayaw
  8728 | D:9      | Reached ***** piety under Uskayaw
  9178 | D:10     | Entered Level 10 of the Dungeon
  9781 | D:10     | Reached ****** piety under Uskayaw
  9969 | D:10     | Reached skill level 1 in Invocations
 10029 | D:10     | Found a roughly hewn altar of Beogh.
 10039 | D:10     | Found a staircase to the Orcish Mines.
 10468 | D:10     | Noticed Grum
 10471 | D:10     | Gained mutation: You are partially covered in molten
                  | scales. (AC +2) [demonic ancestry]
 10471 | D:10     | Reached XP level 11. HP: 80/86 MP: 12/12
 10472 | D:10     | Reached skill level 10 in Axes
 10483 | D:10     | Killed Grum
 11845 | D:11     | Found Soanuh's Armour Boutique.
 11855 | D:11     | Noticed a two-headed ogre
 11877 | D:11     | Killed a two-headed ogre
 11877 | D:11     | Reached skill level 5 in Invocations
 12864 | D:12     | Noticed a five-headed hydra
 12871 | D:12     | Killed a one-headed hydra
 13050 | D:12     | Noticed a purple ugly thing
 13064 | D:12     | Killed a purple ugly thing
 13064 | D:12     | Reached skill level 11 in Axes
 13149 | D:12     | Gained mutation: You are slightly more attuned to the
                  | shadows. [demonic ancestry]
 13149 | D:12     | Reached XP level 12. HP: 81/95 MP: 17/17
 13154 | D:12     | Mangled by a large slime creature

Levels and vault maps discovered:
D:1:      saegor_arrival_simple_b, layout_rooms, minmay_ruptured
D:2:      layout_loops_cross, yredelemnul_altar_generic
D:3:      layout_loops_cross, led_sif_pool, uniq_jessica, uniq_robin
D:4:      layout_basic, first_ration, saegor_snake_ambush, uniq_sigmund,
          uniq_menkaure
D:5:      layout_rooms, zin_treasury, kennysheep_okawaru_gauntlet,
          gammafunk_temple_overflow_elements
D:6:      layout_cave_pods, gammafunk_ghost_necromancy, minivault_11,
          uniq_prince_ribbit1, uniq_edmund, uniq_duvessa
D:7:      cheibrodos_shockbox, layout_loops_ring, elyvilon_altar_1,
          grunt_temple_overflow_diamond, minmay_temple_entry_ruins,
          enter_ossuary_2, nemelex_lonely_heart_becter
D:8:      kennysheep_big_flooded_room, layout_rooms
D:9:      layout_irregular_city, lair_entry_dummy,
          chequers_serial_rivers_micro_a, uniq_erolcha
D:10:     layout_stronghold, david_orc_5, serial_glass, glass_columns_c,
          glass_columns_c, hangedman_stone_soup, uniq_grum
D:11:     layout_cross, serial_shops, nicolae_shop_crystal
D:12:     layout_gridville
Temple:   nicolae_temple_x_marks_the_god
Ossuary:  ossuary_boxes_badplayer

Skill      XL: |  1  2  3  4  5  6  7  8  9 10 11 |
---------------+----------------------------------+-----
Axes           | 2 3 4 5 7 8 9 11 | 11.0
Armour         | 3 4 5 6 7 8 |  8.3
Shields        | 3 4 5 6 7 8 |  8.3
Fighting       | 4 5 6 7 8 9 |  9.1
Invocations    | 1 7 |  7.2

Action                   |  1- 3 |  4- 6 |  7- 9 | 10-12 || total
-------------------------+-------+-------+-------+-------++-------
Melee: War axe           |   103 |   120 |   299 |   335 ||   857
Invok: Stomp             |       |       |       |     7 ||     7
Evoke: Wand              |       |       |     3 |     4 ||     7
       Box of beasts     |       |       |       |     1 ||     1
  Use: Scroll            |       |     9 |     3 |     1 ||    13
       Potion            |       |     3 |     1 |     3 ||     7
 Stab: Paralysed         |       |       |     1 |    43 ||    44
  Eat: Chunk             |     2 |     5 |    16 |    23 ||    46
       Ration            |       |       |     1 |       ||     1
Armor: Scale mail        |    52 |    41 |   100 |    94 ||   287
Dodge: Dodged            |    34 |    37 |    99 |    80 ||   250
Block: Shield            |    46 |    70 |   156 |   210 ||   482

Table legend:
 A = Non-vault XP
 B = Vault XP
 C = Vault XP percentage of total XP
 D = Non-vault monster count
 E = Vault monster count
 F = Vault count percentage of total count
                 A         B        C        D         E       F
            +---------+---------+-------+---------+---------+-------
      Total |   18048 |    4114 |  18.6 |     283 |      94 |  24.9
            +---------+---------+-------+---------+---------+-------
        D:1 |      37 |       3 |   7.5 |      16 |       3 |  15.8
        D:2 |      52 |       0 |   0.0 |      20 |       0 |   0.0
        D:3 |     116 |      70 |  37.6 |      22 |      11 |  33.3
        D:4 |     548 |     427 |  43.8 |      24 |       7 |  22.6
        D:5 |     483 |       0 |   0.0 |      17 |       0 |   0.0
        D:6 |     571 |     684 |  54.5 |      12 |       4 |  25.0
        D:7 |     796 |       0 |   0.0 |      15 |       0 |   0.0
        D:8 |     744 |     110 |  12.9 |       9 |       1 |  10.0
        D:9 |    1962 |    1077 |  35.4 |      30 |       2 |   6.2
       D:10 |    2376 |    1352 |  36.3 |      41 |      29 |  41.4
       D:11 |    5346 |       0 |   0.0 |      56 |       0 |   0.0
       D:12 |    5017 |       0 |   0.0 |      21 |       0 |   0.0
    Ossuary |       0 |     391 | 100.0 |       0 |      37 | 100.0
            +---------+---------+-------+---------+---------+-------
